 Dungeon Crawl Stone Soup version 0.31-a0-431-g88bdf31460 (webtiles) character file.

Game seed: 11042484912741744078

71633 garrulousMonolith the Grappler (level 14, 0/146 HPs)
             Began as a Pale Draconian Shapeshifter on July 31, 2023.
             Was an Elder of Qazlal.
             Slain by a polar bear (19 damage)
             ... on level 5 of the Lair of Beasts.
             The game lasted 00:23:48 (20543 turns).

garrulousMonolith the Grappler (DrSh)              Turns: 20543, Time: 00:23:49

Health: 0/146      AC: 15    Str: 26    XL:     14   Next: 98%
Magic:  28/29      EV: 13    Int: 10    God:    Qazlal [****..]
Gold:   1941       SH:  5    Dex: 12    Spells: 13/13 levels left

rFire   + . .        r - melded +1 whip (protect)
rCold   . . .        E - melded +1 buckler {AC+3}
rNeg    . . .        (body armour unavailable)
rPois   +            (helmet currently unavailable)
rElec   .            (cloak currently unavailable)
rCorr   .            (gloves currently unavailable)
SInv    .            l - melded +0 pair of boots
Will    +....        (no amulet)
Stlth   +            e - +4 ring of protection
HPRegen 0.44/turn    R - ring "Jeppaec" {rPois rF+ MP+9}
MPRegen 0.21/turn

%: repel missiles
@: about to teleport, snake-form
A: constrict, boosted hp, (breathe steam), AC +8, large, unfitting armour,
(cold-blooded), (steam resistance)
a: Begin Untransformation, Renounce Religion, Upheaval, Elemental Force


You were on level 5 of the Lair of Beasts.
You worshipped Qazlal.
Qazlal was greatly pleased with you.
You were an enormous anaconda.
You visited 3 branches of the dungeon, and saw 17 of its levels.
You also visited: Bailey.

You collected 2136 gold pieces.
You spent 195 gold pieces at shops.

Inventory:

Hand Weapons
 p - the +9 long sword of Ukuudd {antimagic, Dex+7}
   (You found it on level 4 of the Lair of Beasts)

   Dex:       It affects your dexterity (+7).
 r - a +1 whip of protection (melded)
 x - a +1 hand axe of venom
 F - a +0 dagger of electrocution
Missiles
 h - 30 poisoned darts
 v - 11 boomerangs
 y - 6 throwing nets
 G - 3 curare-tipped darts
 M - 2 javelins
Armour
 l - a +0 pair of boots (melded)
 E - a +1 buckler of protection (melded)
Jewellery
 c - a +4 ring of protection
 e - a +4 ring of protection (left hand)
 f - a ring of see invisible
 D - a ring of resist corrosion
 O - a ring of ice
 P - a +6 ring of strength
 Q - a +6 ring of intelligence
 R - the ring "Jeppaec" (right hand) {rPois rF+ MP+9}
   (You found it on level 2 of the Lair of Beasts)

   [ring of poison resistance]

   rF:        It protects you from fire.
   rPois:     It protects you from poison.
   MP:        It affects your magic capacity (+9).
Talismans
 b - a beast talisman
 q - a storm talisman
 K - a serpent talisman (active)
Wands
 n - a wand of flame (25)
 w - a wand of paralysis (16)
 C - a wand of iceblast (11)
 J - a wand of digging (10)
 N - a wand of mindburst (21)
 S - a wand of acid (7)
 W - a wand of polymorph (3)
Scrolls
 d - 5 scrolls of teleportation
 g - 3 scrolls of immolation
 k - a scroll of fear
 o - 2 scrolls of poison
 t - a scroll of amnesia
 A - 5 scrolls of fog
 L - a scroll of identify
 U - 2 scrolls of silence
Potions
 a - 5 potions of lignification
 i - 2 potions of brilliance
 j - 3 potions of haste
 m - 3 potions of attraction
 s - 7 potions of might
 u - a potion of resistance
 z - 4 potions of enlightenment
 B - a potion of magic
 H - a potion of curing
 T - a potion of mutation
Miscellaneous
 V - a lightning rod (4/4)


   Skills:
 + Level 10.5 Fighting
 + Level 9.1 Dodging
 + Level 9.2 Shields
 * Level 13.5 Unarmed Combat
 + Level 8.1 Invocations
 * Level 13.2 Shapeshifting


You had 13 spell levels left.
You didn't know any spells.
Your spell library contained the following spells:

 Spells                   Type           Power      Damage    Failure   Level
 Slow                     Hex            0%         N/A       36%         1
 Sting                    Tmut/Pois      0%         1d3       36%         1
 Poisonous Vapours        Pois/Air       0%         N/A       50%         2
 Static Discharge         Conj/Air       0%         2-2/arc   50%         2
 Confusing Touch          Hex            0%         N/A       75%         3
 Gell's Gravitas          Tloc           0%         N/A       75%         3
 Inner Flame              Hex/Fire       0%         N/A       75%         3
 Teleport Other           Tloc           0%         N/A       75%         3
 Vampiric Draining        Necr           0%         2d6       75%         3
 Airstrike                Air            0%         2d(0-16)  98%         4
 Flame Wave               Conj/Fire      0%         2d4       98%         4
 Olgreb's Toxic Radiance  Pois           0%         N/A       98%         4
 Sticky Flame             Conj/Fire      0%         2d3       98%         4
 Summon Lightning Spire   Summ/Air       0%         N/A       98%         4
 Dispersal                Tloc           0%         N/A       100%        6
 Haunt                    Necr/Summ      0%         N/A       100%        7
 Borgnjor's Revivificati  Necr           0%         N/A       100%        8
 Chain Lightning          Conj/Air       0%         N/A       100%        9
 Death's Door             Necr           0%         N/A       100%        9
 Fire Storm               Conj/Fire      0%         5d1       100%        9
 Shatter                  Erth           0%         3d5*      100%        9


Dungeon Overview and Level Annotations

Branches:
Dungeon (11/15)            Temple (1/1) D:7            Lair (5/5) D:8
  Swamp (0/4) Lair:3       Spider (0/4) Lair:3        Slime (0/5) Lair:4
 Bailey (visited)
    Orc: D:9-12

Altars:
Ashenzari
Cheibriados
Dithmenos
Elyvilon
Fedhas
Gozag
Hepliaklqana
Kikubaaqudgha
Makhleb
Nemelex Xobeh
Okawaru
Qazlal
Ru
Sif Muna
Trog
Uskayaw
Vehumet
Wu Jian
Xom
Yredelemnul
Zin
The Shining One
Jiyva

Shops:
D:1 *   D:3 !   D:6 ?   D:7 [*(

Annotations:
Lair:1 1 runed translucent door
Lair:4 2 transporters, exclusion: 3 oklob plants, Fagh's ghost, journeyman DsCK


Innate Abilities, Weirdness & Mutations

You are an enormous anaconda.
You have a powerful constriction melee attack.
Your maximum health is increased.
Your armour is entirely melded.
You are incapable of wielding weapons or throwing items.
((You can breathe blasts of scalding, opaque steam.))
((Your pale cyan-grey scales are hard. (AC +8)))
You cannot fit into any form of body armour.
((You are cold-blooded and may be slowed by cold attacks.))
((You are immune to the effects of steam.))


Message History

You kill the anaconda!
Qazlal accepts your kill. The polar bear bites you!
The polar bear barely misses you. You block the polar bear's attack.
You body-slam the black bear!!
You kill the black bear!
Qazlal accepts your kill. The polar bear bites you!!
* * * LOW HITPOINT WARNING * * *
You block the polar bear's attack. The polar bear closely misses you.
The warg bites you!
* * * LOW HITPOINT WARNING * * *
You hear a howl!
You hear a bark!
The polar bear bites you!!
* * * LOW HITPOINT WARNING * * *
The polar bear closely misses you. You block the polar bear's attack.
You see here a polar bear corpse.
Okay, then.
Blink to where?
Press: ? - help, Dir - move target 2 wolves, a raiju, a warg and a hell hound come into view.
Found 3 stones and a runed dagger.
As you read the scroll of blinking, it crumbles to dust.
The wolf howls!
The raiju barks!
The warg howls!
The hell hound barks!
You hear a bark! x2; You hear a howl! x2; You hear an angry growl.
The wolf misses you.
Okay, then.
As you read the scroll of fear, it crumbles to dust.
You assume a fearsome visage.
The polar bear is unaffected.
The wolf looks frightened! x2; The raiju looks frightened!
The warg looks frightened!
The hell hound resists with some effort.
A hell hound comes into view.
The hell hound moves out of view.
As you read the scroll of teleportation, it crumbles to dust.
You feel strangely unstable.
You feel better.
You hear a howl!
The polar bear bites you!!
You die...

...†..#.#.†.†###..
.......†#..††....#
#...#..†.#†...##..
#####.[####◎†##..#
.#.##..## #....#)
#.#.†...# #.h...##
......### ##....$#
.....## ##...h☼.#
.#.### #..°..S#
#### ##.(§○h#
##.#.#.# # .#.##
## .. ... ....
...h. ..h.##


You could see a polar bear (berserk), a warg and a hell hound.

Vanquished Creatures
  Nessos (Lair:3)
  Snorg (D:11)
  A fire dragon (Lair:5)
  Harold (D:10)
  3 hydras
  4 catoblepae
  An anaconda (Lair:5)
  2 two-headed ogres
  2 centaur warriors (D:9)
  A boulder beetle (D:9)
  15 death yaks
  An orc high priest (Bailey)
  Nergalle (Lair:2)
  2 skysharks
  Pikel (D:6)
  A swamp dragon (Lair:5)
  2 ugly things
  3 manticores
  2 cyclopes
  3 black mambas
  A moth of wrath (D:11)
  10 elephants
  Joseph (D:7)
  Maggie (D:6)
  Psyche (D:11)
  12 cane toads
  6 komodo dragons
  3 kobold demonologists
  5 rime drakes
  4 polar bears (Lair:5)
  2 trolls (D:10)
  A meliai (Lair:3)
  Grinder (D:6)
  A hornet (Lair:3)
  5 blink frogs
  7 dream sheep (Lair:4)
  A shadow (D:10)
  Sigmund (D:3)
  13 yaks
  An unseen horror simulacrum (D:9)
  3 wraiths
  8 wyverns
  3 basilisks
  3 fire bats (Lair:1)
  Eustachio (D:4)
  A human (Lair:1)
  3 steam dragons
  A vampire mosquito (D:9)
  Edmund (D:4)
  2 wargs (Lair:5)
  5 acid dragons
  21 water moccasins
  7 hell hounds (Lair:5)
  An ice beast (D:5)
  11 black bears
  8 orc warriors
  A swamp drake (Lair:5)
  2 sky beasts (D:7)
  22 wolves
  7 centaurs
  3 ogres
  4 lemures (D:6)
  5 kobold brigands
  A gnoll sergeant (D:11)
  9 bullfrogs
  A scorpion (D:5)
  7 wights
  25 killer bees
  5 electric eels (Bailey)
  A howler monkey (D:7)
  2 hounds
  9 orc priests
  2 sleepcaps
  A gnoll bouda (D:7)
  2 hell rats (Lair:2)
  6 iguanas
  14 orc wizards
  18 gnolls
  6 adders
  10 river rats (Lair:2)
  3 shadow imps
  2 worms (D:11)
  50 orcs
  A bat (D:2)
  2 endoplasms (D:3)
  2 giant cockroaches
  12 goblins
  8 hobgoblins
  29 kobolds
  4 quokkas
  5 ball pythons
  2 frilled lizards
  8 rats
  A butterfly (Lair:3)
496 creatures vanquished.

Vanquished Creatures (collateral kills)
  A death yak (Lair:3)
  A black mamba (Lair:5)
  3 polar bears (Lair:5)
  3 black bears (Lair:5)
  A wolf (Lair:5)
9 creatures vanquished.

Vanquished Creatures (others)
  A fire bat (Lair:1)
1 creature vanquished.

Grand Total: 506 creatures vanquished

Notes
Turn   | Place    | Note
-------+----------+-------------------------------------------
     0 | D:1      | garrulousMonolith the Draconian Shapeshifter began the
                  | quest for the Orb.
     0 | D:1      | Reached XP level 1. HP: 16/16 MP: 1/1
    20 | D:1      | You fall into a shaft and drop 1 floor!
   245 | D:1      | Found Amovuaja's Assorted Antiques.
   467 | D:1      | Reached XP level 2. HP: 23/23 MP: 2/2
   542 | D:1      | Found a faded altar of an unknown god.
   985 | D:2      | Reached XP level 3. HP: 26/28 MP: 3/3
  1607 | D:3      | Reached skill level 1 in Shields
  1608 | D:3      | Reached XP level 4. HP: 18/36 MP: 4/4
  2018 | D:3      | Found Xuffu's Distillery.
  2134 | D:3      | Noticed Sigmund
  2158 | D:3      | Killed Sigmund
  2159 | D:3      | Reached XP level 5. HP: 32/42 MP: 5/5
  2317 | D:4      | Noticed Eustachio
  2344 | D:4      | Killed Eustachio
  2345 | D:4      | Reached XP level 6. HP: 33/50 MP: 6/6
  2802 | D:4      | Your scales start taking on a pale cyan-grey colour.
  2802 | D:4      | Reached XP level 7. HP: 46/57 MP: 7/7
  2802 | D:4      | Gained mutation: You are immune to the effects of steam.
                  | [Pale Draconian growth]
  2915 | D:4      | Noticed Edmund
  2931 | D:4      | Killed Edmund
  2932 | D:4      | Reached skill level 5 in Unarmed Combat
  3709 | D:5      | Entered Level 5 of the Dungeon
  3921 | D:5      | Reached skill level 5 in Shapeshifting
  3964 | D:5      | Reached XP level 8. HP: 66/66 MP: 8/8
  4698 | D:6      | Noticed Pikel
  4698 | D:6      | Found Methruiss's Magic Scroll Shop.
  4785 | D:6      | Paralysed by Pikel for 2 turns
  4791 | D:6      | Paralysed by Pikel for 5 turns
  4798 | D:6      | Killed Pikel
  4955 | D:6      | Noticed Maggie
  4973 | D:6      | Killed Maggie
  4974 | D:6      | Reached XP level 9. HP: 16/73 MP: 9/9
  5246 | D:6      | Noticed Grinder
  5258 | D:6      | Killed Grinder
  5259 | D:6      | Reached skill level 5 in Fighting
  6221 | D:1      | Bought a runed buckler for 195 gold pieces
  6400 | D:7      | Reached skill level 5 in Dodging
  6582 | D:7      | Found Ramoni's General Store.
  6589 | D:7      | Found Danetrorch's Antique Armour Shop.
  6903 | D:7      | Found Iqedute's Weapon Emporium.
  6907 | D:7      | Noticed Joseph
  6915 | D:7      | Reached skill level 5 in Shields
  6925 | D:7      | Killed Joseph
  7301 | D:7      | Found a staircase to the Ecumenical Temple.
  7372 | Temple   | Entered the Ecumenical Temple
  7449 | Temple   | Became a worshipper of Qazlal Stormbringer
  7638 | D:8      | Reached XP level 10. HP: 54/83 MP: 10/10
  7773 | D:8      | Reached skill level 1 in Invocations
  8125 | D:8      | Reached * piety under Qazlal
  8221 | D:8      | Found a staircase to the Lair.
  8272 | D:8      | Found an iron altar of Okawaru.
  8282 | D:8      | Found a hazy altar of Hepliaklqana.
  9159 | D:9      | Noticed a two-headed ogre
  9166 | D:9      | Killed a two-headed ogre
  9780 | D:9      | Reached XP level 11. HP: 89/92 MP: 13/13
  9923 | D:9      | Noticed a centaur warrior
  9924 | D:9      | Noticed a centaur warrior
  9928 | D:9      | Killed a centaur warrior
  9934 | D:9      | Killed a centaur warrior
  9934 | D:9      | Reached ** piety under Qazlal
 10003 | D:9      | Noticed a red ugly thing
 10003 | D:9      | Noticed a boulder beetle
 10011 | D:9      | Killed a boulder beetle
 10018 | D:9      | Killed a red ugly thing
 10204 | D:9      | Reached skill level 10 in Unarmed Combat
 10812 | D:10     | Entered Level 10 of the Dungeon
 11055 | D:10     | Reached *** piety under Qazlal
 11077 | D:10     | Found a flagged portal.
 11132 | Bailey   | Entered a bailey
 11761 | Bailey   | Found an iron altar of Okawaru.
 11761 | Bailey   | Noticed an orc high priest
 11785 | Bailey   | Killed an orc high priest
 12039 | Bailey   | Reached XP level 12. HP: 101/101 MP: 15/15
 12133 | Bailey   | Acquired 825 gold pieces
 12175 | D:10     | Noticed Harold
 12183 | D:10     | Killed Harold
 12807 | D:11     | Noticed a two-headed ogre
 12812 | D:11     | Reached skill level 5 in Invocations
 12817 | D:11     | Killed a two-headed ogre
 12821 | D:11     | Reached XP level 13. HP: 107/107 MP: 16/16
 12937 | D:11     | Reached **** piety under Qazlal
 12991 | D:11     | Found a bloodstained altar of Trog.
 13053 | D:11     | Noticed Psyche
 13058 | D:11     | Killed Psyche
 13109 | D:11     | Noticed Snorg
 13120 | D:11     | Killed Snorg
 13705 | Lair:1   | Entered Level 1 of the Lair of Beasts
 14541 | Lair:1   | Found a runed translucent door.
 14896 | Lair:2   | Noticed Nergalle
 14904 | Lair:2   | Killed Nergalle
 15243 | Lair:2   | Identified the ring "Jeppaec" {rPois rF+ MP+9}
 15420 | Lair:2   | Reached ***** piety under Qazlal
 16023 | Lair:3   | Found a staircase to the Swamp.
 16249 | Lair:3   | Found a hole to the Spider Nest.
 16663 | Lair:3   | Noticed Nessos
 16680 | Lair:3   | Killed Nessos
 17258 | Lair:3   | Reached XP level 14. HP: 113/118 MP: 19/19
 18207 | Lair:4   | Found a viscous altar of Jiyva.
 18444 | Lair:4   | Identified the +9 long sword of Ukuudd {antimagic, Dex+7}
 18736 | Lair:4   | Found a transporter.
 18741 | Lair:4   | Found a transporter.
 18742 | Lair:4   | Noticed Fagh's ghost (journeyman DsCK)
 18996 | Lair:4   | Found a staircase to the Slime Pits.
 19036 | Lair:5   | Entered Level 5 of the Lair of Beasts
 19141 | Lair:5   | Reached skill level 10 in Fighting
 20508 | Lair:5   | Found the ring of the Octopus King
 20543 | Lair:5   | Slain by a polar bear

Illustrated notes

Levels and vault maps discovered:
D:1:      lightli_arrival_lavapool, layout_rooms, serial_shops,
          nicolae_shop_overgrown_old_shop, ebering_ecumenical_altar_rust
D:2:      layout_basic, serial_forest, infiniplex_forest_lined_4_way,
          infiniplex_forest_corner_2, infiniplex_forest_clump_double,
          infiniplex_forest_clump_small, infiniplex_forest_clump_tiny,
          infiniplex_forest_straight_5, infiniplex_forest_end_1, st_stairs_5
D:3:      layout_rooms, serial_shops, nicolae_shop_advertising_works
          [nicolae_subvault_shop_adworks], kennysheep_path_1, minivault_5,
          minmay_fractal_squares_gapless_5, uniq_sigmund
D:4:      layout_basic, st_stairs_10, uniq_eustachio, uniq_edmund
D:5:      layout_basic, minmay_misc_feat_x
D:6:      layout_basic, serial_shops, nicolae_shop_peninsula, uniq_maggie,
          uniq_pikel, uniq_grinder
D:7:      layout_cave_pools, minmay_temple_entry_junction, serial_shops, shop,
          shop, shop, uniq_joseph
D:8:      layout_cave_pods, mainiacjoe_overflow_large_starburst,
          minmay_lair_entry_grove
D:9:      nzn_winding_woodlands_medium [nzn_winding_woodlands_5x5_closed_star,
          nzn_winding_woodlands_5x15_lazy_stream,
          nzn_winding_woodlands_hourglass, nzn_winding_woodlands_5x5_cross,
          nzn_winding_woodlands_center_lodge,
          nzn_winding_woodlands_5x5_checkerboard,
          nzn_winding_woodlands_5x5_three,
          nzn_winding_woodlands_5x15_split_checker,
          nzn_winding_woodlands_5x5_perimeter], layout_gridville
D:10:     layout_roguey, enter_bailey_3, uniq_harold
D:11:     layout_long_grid, tgw_trog, uniq_psyche, uniq_snorg
Temple:   mainiacjoe_temple_cubbyholes
Lair:1:   layout_gridlike, pdpol_lair_cabin_in_the_woods,
          infiniplex_staircase_pool_2
Lair:2:   layout_small_grid, kennysheep_rathole, uniq_nergalle
Lair:3:   layout_cave_pods, swamp_mist, hellmonk_spider_entry_not_the_bees,
          grunt_megastairs_5, lemuel_fruit_fields, uniq_nessos
Lair:4:   nzn_motion_control, layout_hall_layers, minmay_slime_entry_oklob_open,
          gammafunk_ghost_hive
Lair:5:   hangedman_lair_caniforms_friends, layout_gridlike,
          guppyfry_lair_end_dragon

Skill      XL: |  1  2  3  4  5  6  7  8  9 10 11 12 13 14 |
---------------+-------------------------------------------+-----
Dodging        | 2 3 4 5 6 7 8 9 |  9.1
Shields        | 1 2 3 4 5 6 7 8 9 |  9.2
Fighting       | 2 3 4 6 7 8 9 10 | 10.5
Unarmed Combat | 4 5 6 8 9 10 12 13 | 13.5
Shapeshifting  | 4 5 6 7 8 11 12 13 | 13.2
Invocations    | 3 4 5 6 8 |  8.1

Action                     |  1- 3 |  4- 6 |  7- 9 | 10-12 | 13-15 || total
---------------------------+-------+-------+-------+-------+-------++-------
  Melee: Unarmed           |    79 |   105 |       |   335 |   644 ||  1163
         Tailslap          |     5 |     8 |    66 |    15 |       ||    94
         Punch             |       |     2 |     5 |       |       ||     7
         Whip              |       |     5 |   264 |    56 |       ||   325
         Constrict         |       |       |       |    60 |   142 ||   202
 Invoke: Upheaval          |       |       |       |     1 |     1 ||     2
         Disaster Area     |       |       |       |       |     2 ||     2
         Elemental Force   |       |       |       |       |     2 ||     2
Ability: Breathe Steam     |       |       |    14 |     1 |       ||    15
  Evoke: Wand              |       |       |     4 |       |     8 ||    12
    Use: Scroll            |     5 |       |     7 |    12 |     9 ||    33
         Potion            |     1 |     1 |     3 |     1 |     8 ||    14
   Stab: Invisible         |     2 |       |       |       |       ||     2
         Sleeping          |     1 |       |     2 |       |       ||     3
         Paralysed         |       |       |       |       |     3 ||     3
         Petrified         |       |       |       |       |     5 ||     5
         Distracted        |       |       |       |       |     1 ||     1
 Armour: Skin              |    28 |    48 |   121 |   191 |   345 ||   733
  Dodge: Dodged            |    42 |    69 |   158 |   240 |   371 ||   880
         Repelled          |       |       |       |       |     4 ||     4
  Block: Buckler           |       |       |    23 |    20 |       ||    43
         Other             |       |       |       |    31 |   183 ||   214
         Form:             |     1 |       |       |     1 |       ||     2
         Beast             |     1 |       |       |       |       ||     1
         Anaconda          |       |       |       |     2 |       ||     2

Table legend: (Time is in decaauts)
 A = Elapsed time spent in this place.
 B = Non-inter-level travel time spent in this place.
 C = Inter-level travel time spent in this place.
 D = Time resting spent in this place.
 E = Time spent auto-exploring this place.
 F = Levels seen in this place.
 G = Mean time per level.
                   A        B        C        D        E       F      G
               +--------+--------+--------+--------+--------+-----+--------+
         Total |  20410 |  19661 |    749 |   5203 |  11410 |  18 | 1133.9 |
       Dungeon |  12582 |  11942 |    640 |   3066 |   7050 |  11 | 1143.8 |
        Temple |    107 |     77 |     30 |      0 |      0 |   1 |  107.0 |
          Lair |   6708 |   6631 |     77 |   1702 |   3983 |   5 | 1341.6 |
        Bailey |   1012 |   1012 |      0 |    435 |    377 |   1 | 1012.0 |
               +--------+--------+--------+--------+--------+-----+--------+

Top non-repeatable levels by time:
  Lair:3: 2392 daAuts
     D:9: 1812 daAuts
     D:6: 1610 daAuts
  Lair:5: 1451 daAuts
     D:8: 1443 daAuts
     D:4: 1443 daAuts
     D:7: 1192 daAuts
     D:3: 1054 daAuts
  Lair:1: 1043 daAuts
  Bailey: 1012 daAuts
    D:10: 961 daAuts
  Lair:4: 921 daAuts
     D:5: 903 daAuts
  Lair:2: 900 daAuts
    D:11: 835 daAuts
